 Dungeon Sprint DCSS version 0.31-a0-986-g5e6e4ef867 (webtiles) character file.

Game seed: 7367521790258069609

162 rocky1 the Insei (level 5, -8/35 HPs)
             Began as a Djinni Shapeshifter on Nov 13, 2023.
             Mangled by a shadow (26 damage)
             ... in the Dungeon (Sprint III: "The Ten Rune Challenge").
             The game lasted 00:01:47 (892 turns).

rocky1 the Insei (Djinni Shapeshifter)               Turns: 892, Time: 00:01:48

Health: -8/35      AC:  2    Str: 13    XL:     5   Next: 71%
Gold:   10         EV: 13    Int: 12    God:
                   SH:  0    Dex: 14

rFire   + +          .
                       - Unarmed
rCold   x . .        (shield currently unavailable)
rNeg    . . .        a - +0 animal skin
rPois   ∞            (no helmet)
rElec   .            (no cloak)
rCorr   .            (no gloves)
SInv    .            (boots unavailable)
Will    .....        (no amulet)
Stlth   +            (no ring)
HPRegen 0.25/turn    (no ring)
MPRegen 0.00/turn

%: no teleportation, infuse magic (-9 HP)
@: flux-form, flying, glowing
A: glow, contaminating, flying, reduced hp, sickness immunity, fire resistance
2, cold vulnerability 1, float, innate caster, HP casting, extra vitality 1
a: Begin Untransformation


You were in the Dungeon.
You were something dangerously unstable.
You visited 1 branch You collected 10 gold pieces.

Inventory:

Armour
 a - a +0 animal skin (worn)
Talismans
 c - a beast talisman
 d - a flux talisman (active)
 j - a blade talisman
Potions
 e - a potion of curing
 g - a potion of haste
 h - a potion of berserk rage


   Skills:
 + Level 1.9 Fighting
 + Level 4.5 Dodging
 - Level 1.3 Stealth
 * Level 7.3 Unarmed Combat
 * Level 6.3 Shapeshifting


You knew the following spells:

 Your Spells              Type           Power      Damage    Failure   Level
a - Slow                  Hex            0%         N/A       32%         1
b - Jinxbite              Hex            0%         N/A       45%         2
Your spell library was empty.

Dungeon Overview and Level Annotations

Branches:
Dungeon (1/1)

Altars:


Innate Abilities, Weirdness & Mutations

You are something dangerously unstable.
You glow with magical radiation, making you easy to see and hit.
Foes you strike become dangerously contaminated with magical radiation.
You are flying.
Your maximum health is decreased, since you lack skill for your form.
You are incapable of wielding weapons or throwing items.
You are immune to sickness and miasma.
You are immune to poison.
Your flesh is very heat resistant. (rF++)
You are vulnerable to cold. (rC-)
You float through the air rather than walking.
You learn spells naturally, not from books.
Your magical power is your life essence.
You have superior vitality. (+4 MHP)


Message History

You start resting.
HP restored.
You start waiting.
You start waiting.
You start waiting.
There is an open door to the Ecumenical Temple here.
There is a fountain of clear blue water here.
Okay, then.
As you open the door, it creaks loudly!
A jelly comes into view.
A shadow comes into view.
Blink to where?
Press: ? - help, Dir - move target
As you read the scroll of blinking, it crumbles to dust.
A shadow is nearby!
You begin transforming.
You continue transforming.
The shadow slips into darkness.
The shadow flickers and vanishes!
Deactivating autopickup; reactivate with Ctrl-A.
You continue transforming. x2
Your transformation has ended.
You turn into something dangerously unstable.
HP restored.
The shadow strikes at you from the darkness!
Ouch! That really hurt!
Reactivating autopickup.
You closely miss the shadow. The shadow hits you.
You closely miss the shadow. The shadow hits you.
* * * LOW HITPOINT WARNING * * *
You feel much better. The shadow hits you!
You hit the shadow.
The shadow begins to glow.
The shadow is lightly damaged.
The shadow slips into darkness.
The shadow flickers and vanishes for a moment.
You hit the shadow.
The shadow glows dangerously bright.
The shadow is lightly damaged.
You hit the shadow.
The shadow shudders as magic cascades through it.
The shadow strikes at you from the darkness!
Ouch! That really hurt!
You die...

▓▓▓▓▓▓▓ ▓▓▓ +...♣.♣♣ ♣.#
#....♣.♣ ♣.# #.....♣♣
♣♣.#
#....~.♣♣♣..###+#+###+##
#...~~...♣..#..........#
#..~~~~♣..♣.'.⌠.p{.....#
#..~≈≈~~~.♣.#...######'#
#.~~≈~~~....#.⌠.# ..#
#.~≈~~~.....#...# ...#
#.~~~.......#+### #...#
#...........# #...+
............# +..J#
▓▓▓▓▓▓▓▓▓▓▓▓▓ ▓▓▓▓▓


There were no monsters in sight!

Vanquished Creatures
  A scorpion (D)
  A water elemental (D)
  Jessica (D)
  A human (D)
  2 endoplasms (D)
  A rat (D)
7 creatures vanquished.

Notes
Turn   | Place    | Note
-------+----------+-------------------------------------------
     0 | D        | rocky1 the Djinni Shapeshifter began the quest for the Orb.
     0 | D        | Reached XP level 1. HP: 17/17 MP: 0/0
    26 | D        | Noticed Jessica
    30 | D        | Killed Jessica
    31 | D        | Reached skill level 4 in Unarmed Combat
    31 | D        | Reached XP level 2. HP: 22/22 MP: 0/0
    31 | D        | Reached XP level 3. HP: 27/27 MP: 0/0
    31 | D        | Learned a level 1 spell: Slow
   221 | D        | Noticed a scorpion
   243 | D        | Killed a scorpion
   244 | D        | Reached skill level 6 in Unarmed Combat
   244 | D        | Reached skill level 5 in Shapeshifting
   244 | D        | Reached XP level 4. HP: 5/32 MP: 0/0
   519 | D        | Reached skill level 1 in Stealth
   519 | D        | Reached XP level 5. HP: 29/37 MP: 0/0
   519 | D        | Learned a level 2 spell: Jinxbite
   651 | D        | Noticed a water elemental
   660 | D        | Killed a water elemental
   661 | D        | Reached skill level 7 in Unarmed Combat
   879 | D        | Noticed a shadow
   892 | D        | Mangled by a shadow

Illustrated notes

Levels and vault maps discovered:
D:        dungeon_sprint_mu [sprint_mu_entry_forest, sprint_mu_temple_rooms,
          sprint_mu_d1_spiders, sprint_mu_d2_genie, sprint_mu_d3_branching,
          sprint_mu_orc_legion, sprint_mu_elf_gauntlet, sprint_mu_hive_nellie,
          sprint_mu_lair_fedhas, sprint_mu_vaults_butterflies,
          sprint_mu_slime_circle, sprint_mu_swamp_cave, sprint_mu_snake_twists,
          sprint_mu_blade_basic, sprint_mu_crypt_chambers,
          sprint_mu_tomb_spiral, sprint_mu_vestibule_basic,
          sprint_mu_gehenna_hellfire, sprint_mu_dis_giant,
          sprint_mu_tartarus_statrot, sprint_mu_cocytus_islands, sprint_mu_zot1]

Skill      XL: |  1  2  3  4  5 |
---------------+----------------+-----
Shapeshifting  | 4 5 6 |  6.3
Unarmed Combat | 4 6 7 |  7.3
Dodging        | 3 4 |  4.5
Stealth        | 1 |  1.3
Fighting       | |  1.9

Action                     |  1- 3 |  4- 6 || total
---------------------------+-------+-------++-------
  Melee: Unarmed           |    26 |    21 ||    47
         Punch             |       |     1 ||     1
    Use: Potion            |       |     2 ||     2
         Scroll            |       |     1 ||     1
   Stab: Sleeping          |     1 |       ||     1
 Armour: Animal skin       |    12 |     7 ||    19
         Skin              |       |     4 ||     4
  Dodge: Dodged            |    13 |     5 ||    18
   Form: Flux              |       |     1 ||     1

Table legend: (Time is in decaauts)
 A = Elapsed time spent in this place.
 B = Non-inter-level travel time spent in this place.
 C = Inter-level travel time spent in this place.
 D = Time resting spent in this place.
 E = Time spent auto-exploring this place.
 F = Levels seen in this place.
 G = Mean time per level.
                   A        B        C        D        E       F      G
               +--------+--------+--------+--------+--------+-----+--------+
         Total |    887 |    887 |      0 |    764 |      0 |   1 |  887.0 |
       Dungeon |    887 |    887 |      0 |    764 |      0 |   1 |  887.0 |
               +--------+--------+--------+--------+--------+-----+--------+

Top non-repeatable levels by time:
       D: 887 daAuts
